 Dungeon Crawl Stone Soup version 0.18-a0-20-gaede791 (webtiles) character file.

126 Pihi the Chopper (level 5, 0/45 HPs)
             Began as a Hill Orc Fighter on Oct 5, 2015.
             Slain by a gnoll
             ... wielding a +0 spear
              (1 damage)
             ... on level 3 of the Dungeon on Nov 2, 2015.
             The game lasted 00:06:19 (1708 turns).

Pihi the Chopper (Hill Orc Fighter)                 Turns: 1708, Time: 00:06:19

Health: 0/45       AC:  6    Str: 19    XL:     5   Next: 10%
Magic:  5/5        EV:  7    Int:  8    God:
Gold:   190        SH:  9    Dex: 11    Spells: 0 memorised, 4 levels left

rFire  . . .     SeeInvis .     a - +0 war axe
rCold  . . .     Clarity  .     b - +0 scale mail
rNeg   . . .     SustAt   .     c - +0 shield
rPois  .         Gourm    .     (no helmet)
rElec  .         Spirit   .     (no cloak)
rCorr  .         Warding  .     (no gloves)
rMut   .         Stasis   .     (no boots)
MR     .....                    (no amulet)
Stlth  ..........               (no ring)
                                (no ring)

@: not resistant to hostile enchantments, extremely unstealthy
A: no striking features
a: no special abilities


You were on level 3 of the Dungeon.
You were not hungry.

You visited 1 branch of the dungeon, and saw 3 of its levels.

You collected 190 gold pieces.

Inventory:

Hand Weapons
 a - a +0 war axe (weapon)
 r - a +0 whip of electrocution
Missiles
 u - 15 poisoned needles
Armour
 b - a +0 scale mail (worn)
 c - a +0 shield (worn)
 t - a +0 helmet
Scrolls
 h - a scroll of immolation {unknown}
 i - 2 scrolls of enchant armour {unknown}
 j - a scroll of fog {unknown}
 l - a scroll of remove curse {unknown}
 n - a scroll of enchant weapon {unknown}
 p - 3 scrolls of identify {unknown}
 s - a scroll of recharging {unknown}
 w - a scroll of fear {unknown}
Potions
 d - 2 potions of might
 f - a potion of heal wounds {unknown}
 g - 2 potions of lignification {unknown}
 m - 2 potions of poison {unknown}
 o - a potion of brilliance {unknown}
 q - 2 potions of curing {unknown}
 v - a potion of agility {unknown}
Comestibles
 e - 3 bread rations
 k - a beef jerky


   Skills:
 - Level 3.6 Fighting
 + Level 6.8 Axes
 - Level 3.2 Armour
 - Level 3.2 Shields


You had 4 spell levels left.
You didn't know any spells.

Dungeon Overview and Level Annotations

Branches:
Dungeon (3/15)

Altars:
Cheibriados
Kikubaaqudgha


Message History

You block the gnoll's attack. The gnoll hits you but does no damage.
The gnoll barely misses you.
You barely miss the gnoll.
The gnoll is moderately wounded.
The gnoll hits you from afar with a spear!
The gnoll hits you but does no damage. The gnoll hits you with a flail!
You slash the gnoll!
You kill the gnoll!
The gnoll hits you from afar with a spear.
* * * LOW HITPOINT WARNING * * *
The gnoll hits you with a spear!
* * * LOW HITPOINT WARNING * * *
Things that are here:
a flail; a gnoll corpse You closely miss the gnoll.
The gnoll hits you with a spear.
* * * LOW HITPOINT WARNING * * *
You hit the gnoll.
The gnoll is moderately wounded.
The gnoll hits you with a spear.
You die...

.# . ..##. .... ...# #
#=.# ... #..#
#...#####..#
#..Sgg@....#
#...#####.#############
## #...[.......†..
############### # #


You could see 2 gnolls and an adder.

Vanquished Creatures
  An orc priest (D:3)
  A gnoll (D:3)
  2 adders
  4 worms
  5 orcs (D:3)
  5 goblins
  9 hobgoblins
  3 jackals (D:1)
  6 kobolds
  A quokka (D:3)
  8 bats
  2 giant cockroaches (D:1)
  A giant gecko (D:1)
  2 giant newts
  6 rats
56 creatures vanquished.

Notes
Turn   | Place    | Note
--------------------------------------------------------------
     0 | D:1      | Pihi the Hill Orc Fighter began the quest for the Orb.
     0 | D:1      | Reached XP level 1. HP: 19/19 MP: 1/1
    25 | D:1      | Upgraded the game from 0.17-a0-1976-g482a304 to 0.17-a0-2108-g65e8068
    35 | D:1      | Found a snail-covered altar of Cheibriados.
    99 | D:1      | Reached XP level 2. HP: 24/26 MP: 2/2
   182 | D:1      | Reached skill level 4 in Axes
   415 | D:1      | Reached XP level 3. HP: 31/31 MP: 3/3
   721 | D:2      | Reached skill level 5 in Axes
  1174 | D:3      | Reached XP level 4. HP: 18/39 MP: 4/4
  1340 | D:3      | Found an ancient bone altar of Kikubaaqudgha.
  1360 | D:3      | Reached skill level 6 in Axes
  1362 | D:3      | Upgraded the game from 0.17-a0-2108-g65e8068 to 0.18-a0-20-gaede791
  1675 | D:3      | Reached XP level 5. HP: 45/45 MP: 5/5
  1707 | D:3      | HP: 1/45 [gnoll/spear (5)]
  1708 | D:3      | Slain by a gnoll

Vault maps used:
D:1:      dpeg_arrival_chase, cheibriados_altar_1
D:2:      hangedman_decor_points, minmay_bisected
D:3:      kiku_gazebo_garden_becter, first_bread

Action                   |  1- 3 |  4- 6 || total
-------------------------+-------+-------++-------
Melee: War axe           |   136 |    52 ||   188
  Use: Potion            |       |     1 ||     1
  Eat: Chunk             |       |     3 ||     3
